 Dungeon Crawl Stone Soup version 0.29.1-1-gd02db6906a (webtiles) character file.

Game seed: 1064659942982273758

686 adizb the Fighter (level 7, -10/67 HPs)
             Began as a Demonspawn Monk on Sept 15, 2022.
             Mangled by an orc wizard
             ... wielding a +0 dagger of electrocution
              (13 damage)
             ... on level 5 of the Dungeon.
             The game lasted 00:18:11 (3882 turns).

adizb the Fighter (Demonspawn Monk)                 Turns: 3882, Time: 00:18:11

Health: -10/67     AC: 13    Str: 13    XL:     7   Next: 35%
Magic:  7/7        EV:  6    Int: 11    God:
Gold:   124        SH:  0    Dex: 16    Spells: 6/6 levels left

rFire   + . .      SeeInvis .   o - +1 short sword (speed)
rCold   . . .      Faith    .   (no shield)
rNeg    . . .      Spirit   .   a - +2 chain mail {rPois}
rPois   +          Reflect  .   (helmet restricted)
rElec   .          Harm     .   k - +0 cloak
rCorr   .          Rampage  .   (no gloves)
Will    .....                   (no boots)
Stlth   ..........              (no amulet)
HPRegen 0.21/turn               e - ring of protection from fire
MPRegen 0.10/turn               (no ring)

@: no status effects
A: antennae 2, demonic guardian 1, sharp scales 2
a: no special abilities


You were on level 5 of the Dungeon.
You visited 1 branch of the dungeon, and saw 5 of its levels.

You collected 220 gold pieces.
You spent 96 gold pieces at shops.

Inventory:

Hand Weapons
 d - a +0 dagger of protection
 o - a +1 short sword of speed (weapon)
Armour
 a - a +2 chain mail of poison resistance (worn)
 i - a +0 chain mail of fire resistance
 k - a +0 cloak (worn)
Jewellery
 e - a ring of protection from fire (left hand)
Wands
 t - a wand of charming (2) (quivered)
Scrolls
 f - 2 scrolls of fear
 g - 4 scrolls of teleportation
 l - a scroll of brand weapon
 n - a scroll of enchant armour
 r - a scroll of vulnerability {unknown}
Potions
 b - 2 potions of ambrosia
 c - a potion of resistance
 j - a potion of attraction
 m - a potion of brilliance
 p - a potion of might
 q - a potion of flight


   Skills:
 * Level 10.7 Fighting
 + Level 2.4 Short Blades
 + Level 2.4 Armour
 - Level 2.6 Dodging
 - Level 1.7 Stealth
 - Level 3.0 Unarmed Combat


You had 6 spell levels left.
You didn't know any spells.
Your spell library contained the following spells:

 Spells                   Type           Power      Damage    Failure   Level
 Summon Small Mammal      Summ           0%         N/A       100%        1
 Ensorcelled Hibernation  Hex/Ice        0%         N/A       100%        2
 Passwall                 Tmut/Erth      0%         N/A       100%        2
 Call Canine Familiar     Summ           0%         N/A       100%        3
 Summon Guardian Golem    Hex/Summ       0%         N/A       100%        3
 Swiftness                Air            0%         N/A       100%        3
 Orb of Destruction       Conj           0%         9d5       100%        7
 Spellforged Servitor     Conj/Summ      0%         N/A       100%        7


Dungeon Overview and Level Annotations

Branches:
Dungeon (5/15)
 Temple: D:4-7

Altars:
Fedhas
Nemelex Xobeh
Uskayaw

Shops:
D:1 *

Annotations:
D:5 Sigmund


Innate Abilities, Weirdness & Mutations

You have a pair of antennae on your head.
A weak demonic guardian rushes to your aid.
You are mostly covered in razor-sharp scales. (AC +2, Slay +2)


Message History

An ogre is nearby!
You hit the ogre.
You kill the ogre!
Things that are here:
a +0 giant spiked club; an ogre corpse
There is a stone staircase leading down here.
The orc wizard gestures at you while chanting.
The puff of flame hits you. You resist.
You are too injured to fight recklessly!
The orc shouts!
You hit the orc wizard.
The orc wizard is lightly wounded.
The orc wizard casts a spell at you.
You are confused.
The orc wizard hits you but does no damage.
The orc wizard attacks as you move away!
The orc wizard hits you with a +0 dagger of electrocution.
The orc wizard hits you but does no damage.
You are electrocuted!
A demonic guardian appears!
You hit the orc wizard but do no damage.
The orc wizard is lightly wounded.
The orc hits you but does no damage.
The orc wizard hits you but does no damage.
You are electrocuted!
* * * LOW HITPOINT WARNING * * *
You're too confused to move!
Your iron imp barely misses the orc wizard.
The orc wizard hits you but does no damage.
The orc hits you but does no damage.
It was a potion of curing.
You feel better.
Your iron imp closely misses the orc wizard.
The orc wizard hits you but does no damage.
You are electrocuted!
* * * LOW HITPOINT WARNING * * *
The orc hits you with a +0 club.
* * * LOW HITPOINT WARNING * * *
It was a potion of magic.
Magic courses through your body.
The orc wizard hits you but does no damage.
You are electrocuted!
You die...

#...>......
#......... #.
#........
#..#####.......
#..#...........
.'...........
#........#
#).......#
..####...@o..<#
#........o...#
..'.........5..#
###............#
#............###
#######
#..<.###.......#
#...... #....
#>......#
#...... #####
#.......#
#...... ####
#.......#
#......


You could see an orc wizard (ally target), an orc and a friendly iron imp
(summoned).

Vanquished Creatures
  An ice beast (D:5)
  An ogre (D:5)
  A kobold brigand (D:4)
  A scorpion (D:4)
  4 gnolls
  5 adders
  An ufetubus (D:4)
  2 worms (D:2)
  4 dart slugs
  6 orcs
  8 bats
  5 endoplasms
  2 giant cockroaches
  13 goblins
  9 hobgoblins
  8 kobolds
  A quokka (D:1)
  13 ball pythons
  5 frilled lizards
  8 rats
98 creatures vanquished.

Vanquished Creatures (collateral kills)
  A sky beast (D:5)
  A centaur (D:5)
2 creatures vanquished.

Vanquished Creatures (others)
  3 plants (D:1)
3 creatures vanquished.

Grand Total: 103 creatures vanquished

Notes
Turn   | Place    | Note
-------+----------+-------------------------------------------
     0 | D:1      | adizb the Demonspawn Monk began the quest for the Orb.
     0 | D:1      | Reached XP level 1. HP: 18/18 MP: 1/1
   329 | D:1      | Found a faded altar of an unknown god.
   340 | D:1      | Gained mutation: You are partially covered in razor-sharp
                  | scales. (AC +1, Slay +1) [demonic ancestry]
   340 | D:1      | Reached XP level 2. HP: 19/24 MP: 2/2
   577 | D:1      | Found Ixuasur's Assorted Antiques.
   609 | D:1      | Bought a puce potion for 18 gold pieces
   609 | D:1      | Bought a scroll labelled ERASEW EDU for 21 gold pieces
   609 | D:1      | Bought a scroll labelled PAZODGH ENIOM UBESE for 21 gold
                  | pieces
   609 | D:1      | Bought a bubbling silvery potion for 18 gold pieces
   609 | D:1      | Bought a fizzy silvery potion for 18 gold pieces
   616 | D:1      | Reached skill level 9 in Fighting
   616 | D:1      | Gained mutation: A weak demonic guardian rushes to your
                  | aid. [demonic ancestry]
   616 | D:1      | Reached XP level 3. HP: 25/41 MP: 3/3
   759 | D:1      | Gained mutation: You are mostly covered in razor-sharp
                  | scales. (AC +2, Slay +2) [demonic ancestry]
   759 | D:1      | Reached XP level 4. HP: 37/47 MP: 4/4
  1959 | D:3      | Gained mutation: You have a pair of small antennae on your
                  | head. [demonic ancestry]
  1959 | D:3      | Reached XP level 5. HP: 45/53 MP: 5/5
  1965 | D:3      | Reached skill level 10 in Fighting
  2228 | D:3      | Reached skill level 1 in Short Blades
  2539 | D:4      | Reached skill level 1 in Armour
  2567 | D:4      | Reached XP level 6. HP: 60/60 MP: 6/6
  3024 | D:5      | Entered Level 5 of the Dungeon
  3025 | D:5      | Noticed Sigmund
  3146 | D:5      | Noticed a sky beast
  3147 | D:5      | Found a hide-covered altar of Uskayaw.
  3264 | D:5      | Killed a sky beast
  3509 | D:5      | Found a blossoming altar of Fedhas.
  3510 | D:5      | Found a sparkling altar of Nemelex Xobeh.
  3540 | D:5      | Noticed an ice beast
  3566 | D:5      | Killed an ice beast
  3567 | D:5      | Gained mutation: You have a pair of antennae on your head.
                  | [demonic ancestry]
  3567 | D:5      | Reached XP level 7. HP: 25/67 MP: 7/7
  3881 | D:5      | HP: 2/67 [orc/+0 club (2)]
  3882 | D:5      | Mangled by an orc wizard

Illustrated notes

Levels and vault maps discovered:
D:1:      scummos_arrival_simple_fountains, layout_loops_ring, serial_forest,
          infiniplex_forest_lined_room_2, infiniplex_forest_straight_3,
          infiniplex_forest_lined_corner, infiniplex_forest_clump_tiny,
          infiniplex_forest_straight_1, infiniplex_forest_end_1,
          infiniplex_forest_clump_C, basic_ecumenical_altar, serial_shops,
          shop_coins, chequers_serial_rivers_micro_a, minmay_tripent
D:2:      layout_loops_ring, grunt_ministairs_2, grunt_decor_junction
D:3:      layout_basic, saegor_snake_ambush
D:4:      layout_loops_ring, amcnicky_mini_rare_corridor_liquid
D:5:      layout_basic, nicolae_ashenzari_skybound, lemuel_crystal_altar,
          gammafunk_temple_overflow_pools, hellmonk_ghost_happy_afterlife,
          uniq_sigmund

Skill      XL: |  1  2  3  4  5  6 |
---------------+-------------------+-----
Unarmed Combat | 3 |  3.0
Fighting       | 9 10 | 10.7
Short Blades   | 1 2 |  2.4
Armour         | 1 2 |  2.4
Dodging        | |  2.6
Stealth        | |  1.7

Action                   |  1- 3 |  4- 6 |  7- 9 || total
-------------------------+-------+-------+-------++-------
Melee: Unarmed           |    22 |       |       ||    22
       Dagger            |    64 |   214 |       ||   278
       Punch             |       |    10 |       ||    10
       Short sword       |       |    86 |    15 ||   101
Evoke: Wand              |       |       |     3 ||     3
  Use: Scroll            |     5 |     6 |       ||    11
       Potion            |     2 |     3 |     2 ||     7
 Stab: Sleeping          |     4 |       |       ||     4
Armor: Robe              |    27 |     1 |       ||    28
       Chain mail        |       |   161 |    14 ||   175
Dodge: Dodged            |    57 |    84 |     8 ||   149
